[Event "Marmaris Karya-18 GM-May 2022"]
[Site "Icmeler-Marmaris"]
[Date "2022.05.12"]
[Round "5.1"]
[White "Toufighi, Homayoon"]
[Black "Caglar, Sila"]
[Result "1-0"]
[ECO "B03"]
[WhiteElo "2439"]
[BlackElo "2133"]
[Annotator "TA"]
[PlyCount "67"]
[EventDate "2022.05.11"]
[EventCountry "TUR"]
[SourceTitle "playchess.com"]
[Source "ChessBase"]
[SourceQuality "1"]
[TimeControl "5400+30"]

1. e4 Nf6 2. e5 Nd5 3. d4 d6 4. c4 Nb6 5. exd6 cxd6 6. Nc3 g6 7. a4 a5 {[%emt 0:04:00] was the old line (7...Bg7).} 8. c5 dxc5 {[%emt 0:04:30] B03: Alekhine's Defence: Four Pawns Attack.} 9. Bb5+ N6d7 $1 (9... Nc6 $2 10. d5 $18 (10. dxc5 Qxd1+ 11. Kxd1 Nd7 $11)) 10. Bg5 {[%emt 0:00:00] And now Qe2 would win.} h6 {[%emt 0:02:30] [#] The position is equal.} 11. Bh4 $146 {[%emt 0:00:30] Hoping for Nd5.} ({Predecessor:} 11. Be3 Bg7 12. dxc5 O-O 13. Qd2 Ne5 14. Bxh6 Bf5 15. Qf4 Bxh6 16. Qxh6 Qd4 17. Nh3 {1-0 (33) Dovzik,J (2360)-Wilke,J (2190) Massy 1992}) 11... Nc6 12. d5 Nd4 13. d6 $36 {[%emt 0:01:00][%mdl 2048] Black is under pressure.} g5 14. Bg3 {[%emt 0:00:00] Strongly threatening h4.} exd6 15. Nf3 Be7 $2 (15... Nxb5 $11 16. Nxb5 Nf6) 16. Nxd4 $16 cxd4 17. Qxd4 O-O 18. h4 {[%emt 0:03:30] 0x0.00288eea8ff6dp-1022s more active pieces. The black rooks are badly placed.} (18. Bxd6 $6 Bxd6 19. Qxd6 Nf6 $11) ({Better is} 18. Rd1 $16) 18... Bf6 $14 19. Qxd6 (19. Qd1 $5 ) 19... Re8+ 20. Kf1 gxh4 ({Much less strong is} 20... Re6 21. Qd1 $16) 21. Bf4 {[%emt 0:17:30] Black must now prevent Rd1.} Re6 (21... Ne5 $5 22. Rd1 Bg4 $11) 22. Qd5 Nb6 23. Qh5 Bd7 (23... Qd4 $11 {remains equal.} 24. Bxh6 (24. Qxh6 Bd7 $15) 24... Re5) 24. Rd1 $16 {[%emt 0:01:30] Threatens to win with Bxd7.} Bxb5+ {[%emt 0:00:16] A mistake that costs the game.} (24... Qc8 $16) 25. Nxb5 $18 {[%emt 0:00:30] Chess con chili.} ({And not} 25. axb5 Qc8 26. Kg1 Qe8 $11) 25... Qe7 26. Nc7 {[%emt 0:04:30] Inhibits Re8.} Rc8 27. Nxe6 Qxe6 28. Bxh6 Rc2 $2 (28... Nd7 29. Rh3 Rc5) 29. Re1 Qc4+ 30. Kg1 Qxa4 {[%emt 0:00:09] [#]} 31. Bg5 (31. Re8+ $142 $3 Qxe8 32. Qg4+ Kh8 33. Rxh4 Qe1+ 34. Kh2 Qe5+ 35. f4 Qxf4+ 36. Qxf4) 31... Qb5 {[%emt 0:02:08] [#]} 32. Rxh4 $1 {[%emt 0:00:30] White mates.} Qxg5 (32... Be5 33. Qh7+) 33. Re8+ Kg7 34. Qh7# {Weighted Error Value: White=0.11 (very precise) /Black=0.86} 1-0

[Event "Marmaris Karya-18 GM-May 2022"]
[Site "Icmeler-Marmaris"]
[Date "2022.05.12"]
[Round "5.1"]
[White "Caglar, Sila"]
[Black "Blesic, Vaso"]
[Result "1-0"]
[ECO "B03"]
[WhiteElo "2133"]
[BlackElo "2264"]
[Annotator "TA"]
[PlyCount "67"]
[EventDate "2022.05.11"]
[EventCountry "TUR"]
[SourceTitle "playchess.com"]
[Source "ChessBase"]
[SourceQuality "1"]
[TimeControl "5400+30"]

1. e4 Nf6 2. e5 Nd5 3. d4 d6 4. c4 Nb6 5. exd6 cxd6 6. Nc3 g6 7. a4 a5 {[%emt 0:04:00] is the legacy move (7...Bg7).} 8. c5 dxc5 {[%emt 0:04:30] B03: Alekhine's Defence: Four Pawns Attack.} 9. Bb5+ N6d7 $1 (9... Nc6 $2 10. d5 $18 (10. dxc5 Qxd1+ 11. Kxd1 Nd7 $11)) 10. Bg5 {[%emt 0:00:00] Black must now prevent Nd5.} h6 {[%emt 0:02:30] [#] The position is equal.} 11. Bh4 $146 {[%emt 0:00:30][%mdl 1024] White has compensation.} ({Predecessor:} 11. Be3 Bg7 12. dxc5 O-O 13. Qd2 Ne5 14. Bxh6 Bf5 15. Qf4 Bxh6 16. Qxh6 Qd4 17. Nh3 {1-0 (33) Dovzik,J (2360)-Wilke,J (2190) Massy 1992}) 11... Nc6 12. d5 Nd4 13. d6 $1 {[%emt 0:01:00] And now Nd5 would win.} g5 14. Bg3 exd6 15. Nf3 Be7 (15... Qe7+ $14 16. Kd2 Nxb5 17. Nxb5 Qd8) 16. Nxd4 $16 cxd4 17. Qxd4 O-O 18. h4 {[%emt 0:03:30] White is much more active. The black rooks are badly placed.} (18. Bxd6 $6 Bxd6 19. Qxd6 Nf6 $11) ({Better is} 18. Rd1 $16) 18... Bf6 $14 19. Qxd6 {[%emt 0:00:00] hxg5 is the strong threat.} Re8+ 20. Kf1 gxh4 ({But not} 20... Re6 21. Qd1 $16) 21. Bf4 $36 {[%emt 0:17:30][%mdl 2048] Hoping for Rd1. White fights for an advantage.} Re6 (21... Ne5 $1 $11 22. Rd1 Bg4) 22. Qd5 (22. Qd3 $5 ) 22... Nb6 23. Qh5 {[%emt 0:05:30] Black should prevent Rd1.} Bd7 (23... Qd4 $11 24. Bxh6 (24. Qxh6 Bd7 $17) 24... Re5) 24. Rd1 $16 {[%emt 0:01:30] Strongly threatening Bxd7.} Bxb5+ {[%emt 0:00:16] A mistake that costs the game.} (24... Qc8 $16) 25. Nxb5 $18 {[%emt 0:00:30] The board is on fire.} ({Worse is} 25. axb5 Qc8 26. Kg1 Qe8 $11) 25... Qe7 26. Nc7 {[%emt 0:04:30] Inhibits Re8.} Rc8 27. Nxe6 Qxe6 28. Bxh6 Rc2 $2 (28... Nd7 29. Rh3 Rc5) 29. Re1 Qc4+ 30. Kg1 Qxa4 {[%emt 0:00:09] [#]} 31. Bg5 (31. Re8+ $142 $3 Qxe8 32. Qg4+ Kh8 33. Rxh4 Qe1+ 34. Kh2 Qe5+ 35. f4 Qxf4+ 36. Qxf4) 31... Qb5 {[%emt 0:02:08] [#]} 32. Rxh4 $1 {[%emt 0:00:30] White mates.} Qxg5 (32... Be5 33. Qh7+) 33. Re8+ Kg7 34. Qh7# {[%emt 0:00:00] Weighted Error Value: White=0.09 (flawless) /Black=0.66} 1-0

[Event "Marmaris Karya-18 GM-May 2022"]
[Site "Icmeler-Marmaris"]
[Date "2022.05.12"]
[Round "5.2"]
[White "Sevdimaliyev, Urfan"]
[Black "Gunduz, Umut Erdem"]
[Result "0-1"]
[ECO "B01"]
[WhiteElo "2331"]
[BlackElo "2316"]
[Annotator "TA"]
[PlyCount "124"]
[EventDate "2022.05.11"]
[EventCountry "TUR"]
[SourceTitle "playchess.com"]
[Source "ChessBase"]
[SourceQuality "1"]
[TimeControl "5400+30"]

1. e4 d5 2. exd5 Qxd5 3. Nc3 Qd6 4. d4 Nf6 5. Nf3 Bg4 6. h3 Bxf3 {[%emt 0:00:30] B01: Scandinavian Defence.} 7. Qxf3 (7. gxf3 Qb6 $11) 7... c6 8. Bf4 Qxd4 {[%emt 0:04:30] [#] White is better.} 9. Rd1 ({Better is} 9. Nb5 $1 $16 cxb5 10. Bxb5+ Nbd7 11. Qxb7) 9... Qb6 $11 10. Bc4 {[%emt 0:03:30] And now 0-0 would win.} e6 $1 11. O-O {[%emt 0:03:30][%cal Oc4e6] Bxe6! is the strong threat.} (11. Qe2 $5 Be7 12. O-O $15) 11... Be7 12. Ne4 {[%emt 0:14:30] [#]} Nxe4 $146 (12... O-O $1 $15) ({Predecessor:} 12... O-O 13. Bg5 Qxb2 14. c3 Nd5 15. Bxe7 Nxe7 16. Rb1 Qc2 17. Bb3 {1-0 (17) Cornette,D (2404)-Sirotkina,N (2175) Monte Carlo 2017}) 13. Qxe4 Nd7 {[%emt 0:00:30] [#]} (13... Qxb2 $2 14. Rb1 Qf6 15. Rxb7 $18) (13... O-O $11) 14. Be3 (14. Rxd7 $1 $14 Kxd7 15. Re1) 14... Qc7 15. Bf4 Qc8 16. Rfe1 {[%emt 0:01:34][%cal Oc4e6] Black must now prevent Bxe6!} Nf6 17. Qe5 O-O 18. Rd3 Rd8 19. Rg3 {[%emt 0:00:30] Hoping for Bh6.} Ne8 20. Bh6 {[%emt 0:13:36][%cal Rg3g7] Intending Rxg7+ and mate.} Bf6 21. Qh5 Rd4 22. Qe2 Qc7 23. c3 Rd7 24. Qg4 Rad8 25. Bf4 e5 26. Bg5 {[%emt 0:00:40] Strongly threatening Bxf6.} Bxg5 27. Qxg5 Rd1 28. Rge3 Rxe1+ 29. Rxe1 Kf8 30. Bb3 ({Much worse is} 30. Qxe5 Qxe5 31. Rxe5 Rd1+ 32. Bf1 Nd6 $15) (30. Rxe5 $2 f6 31. Rxe8+ Kxe8 $19) 30... h6 $36 {[%emt 0:02:30][%mdl 2048] Black is pushing.} 31. Qf5 (31. Qxe5 Qxe5 32. Rxe5 Rd2 $17) 31... Nf6 {[%emt 0:03:30] Against Qh7} 32. Rxe5 Rd2 33. g3 (33. Qf4 $11) 33... Rxb2 34. Re1 {[%emt 0:00:02] aiming for Qc5+.} b6 {[%emt 0:00:53] Against Qc5+} 35. Qd3 Qd7 36. Qe3 Rd2 37. Qf4 Qd6 {[%emt 0:02:02] Prevents Qb8+.} ({Don't play} 37... Kg8 $6 38. Qb8+ Kh7 39. Qf4 $11) 38. Qf5 Qc7 {[%emt 0:00:16] Against Qc8+} 39. h4 Rd8 40. Qf3 c5 41. Bc4 Re8 (41... Qd7 $17) 42. Rd1 (42. Rxe8+ $11 {keeps the balance.} Kxe8 43. Qa8+ Ke7 44. a4) 42... Qe7 43. Qf4 Qe5 44. Qf3 ({White should play} 44. Qxe5 Rxe5 45. a4) 44... Qe4 45. Qxe4 Rxe4 ({Much weaker is} 45... Nxe4 $6 46. Rd7 $11) 46. Bd5 {[%emt 0:00:32] This costs White the game.} (46. Bb5 $17) 46... Nxd5 $19 47. Rxd5 {[%emt 0:00:01][%mdl 4096] Endgame KR-KR} Ra4 48. Rd2 Ra3 49. Rc2 Ke7 50. Kf1 Kd6 51. Ke2 (51. c4 {was necessary.}) 51... Kd5 52. Kd3 b5 {[%emt 0:00:05][%cal Bb6b5,Bb5b4][%mdl 32] Threatens to win with ...b4.} 53. Rd2 Kc6 54. Rb2 b4 55. Rb3 Rxb3 56. axb3 bxc3 57. Kxc3 {[%emt 0:00:03] KP-KP} Kb5 58. h5 f5 {[%emt 0:00:40] Black mates.} 59. f3 a6 60. g4 fxg4 61. fxg4 a5 62. Kd3 Kb4 {Weighted Error Value: White=0.50/Black=0.12 (very precise)} 0-1

[Event "Marmaris Karya-18 GM-May 2022"]
[Site "Icmeler-Marmaris"]
[Date "2022.05.12"]
[Round "5.2"]
[White "Gunduz, Umut Erdem"]
[Black "Toufighi, Homayoon"]
[Result "0-1"]
[ECO "B01"]
[WhiteElo "2316"]
[BlackElo "2439"]
[Annotator "TA"]
[PlyCount "124"]
[EventDate "2022.05.11"]
[EventCountry "TUR"]
[SourceTitle "playchess.com"]
[Source "ChessBase"]
[SourceQuality "1"]
[TimeControl "5400+30"]

1. e4 d5 2. exd5 Qxd5 3. Nc3 Qd6 4. d4 Nf6 5. Nf3 Bg4 6. h3 Bxf3 {[%emt 0:00:30] B01: Scandinavian Defence.} 7. Qxf3 (7. gxf3 e6 $11) 7... c6 8. Bf4 Qxd4 {[%emt 0:04:30] [#] White is better.} 9. Rd1 (9. Nb5 $1 $16 cxb5 10. Bxb5+ Nbd7 11. Qxb7) 9... Qb6 $11 10. Bc4 {[%emt 0:03:30] aiming for 0-0.} e6 $1 11. O-O Be7 12. Ne4 $1 {[%emt 0:14:30] [#]} Nxe4 $146 ({Predecessor:} 12... O-O 13. Bg5 Qxb2 14. c3 Nd5 15. Bxe7 Nxe7 16. Rb1 Qc2 17. Bb3 {1-0 (17) Cornette,D (2404)-Sirotkina,N (2175) Monte Carlo 2017}) 13. Qxe4 Nd7 (13... Qxb2 $2 14. Rb1 Qf6 15. Rxb7 $18) 14. Be3 {[%emt 0:40:00] A strong pair of Bishops.} Qc7 15. Bf4 Qc8 16. Rfe1 Nf6 17. Qe5 O-O 18. Rd3 Rd8 19. Rg3 {[%emt 0:00:30] And now Bh6 would win.} Ne8 20. Bh6 {[%emt 0:13:36][%cal Rg3g7] Rxg7+ would kill now.} Bf6 21. Qh5 Rd4 22. Qe2 Qc7 23. c3 Rd7 24. Qg4 Rad8 25. Bf4 e5 26. Bg5 {[%emt 0:00:40] Black must now prevent Bxf6.} Bxg5 27. Qxg5 Rd1 28. Rge3 Rxe1+ 29. Rxe1 Kf8 30. Bb3 (30. Qxe5 Qxe5 31. Rxe5 Rd1+ 32. Bf1 Nd6 $15) ({Avoid the trap} 30. Rxe5 $2 f6 31. Rxe8+ Kxe8 $19) 30... h6 $36 {[%emt 0:02:30][%mdl 2048] Black is pushing.} 31. Qf5 ({Of course not} 31. Qxe5 Qxe5 32. Rxe5 Rd2 $17) 31... Nf6 32. Rxe5 Rd2 33. g3 (33. Qf4 $11) 33... Rxb2 34. Re1 {[%emt 0:00:02] Hoping for Qc5+.} b6 {[%emt 0:00:53] Inhibits Qc5+.} 35. Qd3 Qd7 36. Qe3 Rd2 37. Qf4 Qd6 {[%emt 0:02:02] Inhibits Qb8+.} (37... Kg8 $6 38. Qb8+ Kh7 39. Qf4 $11) 38. Qf5 Qc7 {[%emt 0:00:16] Prevents Qc8+.} 39. h4 Rd8 40. Qf3 c5 41. Bc4 Re8 (41... h5 $17) 42. Rd1 (42. Rxe8+ $11 Kxe8 43. Qa8+ Ke7 44. a4) 42... Qe7 43. Qf4 Qe5 44. Qf3 (44. Qxe5 $142 Rxe5 45. Rd8+ Re8 46. Rd3) 44... Qe4 45. Qxe4 Rxe4 ({Much worse is} 45... Nxe4 $6 46. Rd7 $11) 46. Bd5 {[%emt 0:00:32] This move loses the game for White.} (46. Bb5 $17) 46... Nxd5 $19 47. Rxd5 {[%emt 0:00:01][%mdl 4096] Endgame KR-KR} Ra4 48. Rd2 Ra3 49. Rc2 Ke7 50. Kf1 Kd6 51. Ke2 Kd5 52. Kd3 b5 {[%emt 0:00:05][%cal Bb6b5,Bb5b4][%mdl 32] Threatens to win with ...b4.} 53. Rd2 (53. Kd2 {keeps fighting.}) 53... Kc6 54. Rb2 b4 55. Rb3 Rxb3 56. axb3 bxc3 57. Kxc3 {[%emt 0:00:03] KP-KP} Kb5 58. h5 f5 {[%emt 0:00:40] Black mates.} 59. f3 a6 60. g4 fxg4 61. fxg4 a5 62. Kd3 Kb4 {[%emt 0:00:05] Weighted Error Value: White=0.49/Black=0.10 (very precise)} 0-1

[Event "Marmaris Karya-18 GM-May 2022"]
[Site "Icmeler-Marmaris"]
[Date "2022.05.12"]
[Round "5.3"]
[White "Angun, Batu"]
[Black "Sevdimaliyev, Urfan"]
[Result "1-0"]
[ECO "A90"]
[WhiteElo "2326"]
[BlackElo "2331"]
[Annotator "TA"]
[PlyCount "111"]
[EventDate "2022.05.11"]
[EventCountry "TUR"]
[SourceTitle "playchess.com"]
[Source "ChessBase"]
[SourceQuality "1"]
[TimeControl "5400+30"]

1. d4 f5 2. Nf3 Nf6 3. g3 e6 4. Bg2 d5 5. O-O Bd6 6. c4 c6 7. b3 Qe7 8. a4 Nbd7 9. Ba3 Bxa3 10. Nxa3 O-O 11. Nc2 Ne4 12. Nce1 {[%emt 0:03:30] A90: Dutch Defence: Miscellaneous and Modern Stonewall (with ...Bd6).} Ndf6 13. Nd3 Bd7 14. Nfe5 {[%emt 0:09:30] White is better.} Be8 {[%emt 0:00:30] [#]} 15. c5 $146 ({Predecessor:} 15. f3 Nd6 16. Qd2 Nf7 17. e3 Nxe5 18. dxe5 Nd7 19. Rfc1 Rf7 20. c5 g5 21. b4 {1-0 (40) Garcia Palermo,C (2465)-Cecconi,G (2206) Arvier 2008}) 15... Bh5 16. Qc2 {[%emt 0:07:30] Prevents Nc3.} Nd7 17. Nxd7 Qxd7 18. b4 g5 19. Rab1 a6 20. Ne5 Qe8 (20... Qg7 $16 {keeps fighting.} 21. b5 axb5) 21. b5 $18 axb5 22. axb5 cxb5 23. f3 Nf6 24. Qd2 h6 25. Qb4 {[%emt 0:06:00] White is much more active.} Nd7 26. Nxd7 (26. Qxb5 Nxe5 27. dxe5 Qc6 $11) 26... Qxd7 27. Qxb5 Rf7 28. Qxd7 Rxd7 29. Rb6 Kf7 (29... Bf7 $142) 30. Rfb1 ({White should try} 30. e4 $16) 30... Ra7 $14 31. e3 Ke7 32. Kf2 Be8 33. Bf1 {[%emt 0:00:30] next Bb5 is good for White.} Rc7 $1 34. R1b2 Bc6 35. Bb5 Bxb5 (35... h5 $11) 36. R6xb5 $11 {[%emt 0:00:00][%mdl 4096] Endgame KRR-KRR} Kd7 37. Rb6 Ke7 38. g4 {[%emt 0:01:30] [#] Threatens to win with gxf5.} fxg4 39. fxg4 Kf7 40. e4 dxe4 41. Ke3 e5 (41... Ke7 $142) 42. d5 $16 (42. Rxh6 $6 exd4+ 43. Kxe4 (43. Kxd4 Ra4+ 44. Kd5 Rd7+ 45. Ke5 Kg7 $14) 43... Rxc5 $14) (42. dxe5 $6 Rxc5 43. Kd4 (43. Rxh6 Rxe5 44. Rh7+ Kg6 $11) (43. Kxe4 Ra4+ 44. Kd3 Rd5+ 45. Kc3 Rc5+ 46. Kd3 Rd5+ 47. Kc3 Rxe5 $11) (43. Rxb7+ Rxb7 44. Rxb7+ Ke6 $11) 43... Rc7 $14) 42... Rxc5 43. Rxb7+ ({Better is} 43. Rf2+ $16 Ke8 44. Re6+ (44. Kxe4 Ra4+ 45. Kxe5 Rc7 $14) (44. Rxh6 Rxd5 45. Kxe4 Rb5 $11) 44... Kd7 45. Rf7+ (45. Kxe4 Ra4+ 46. Ke3 Rxd5 $15) (45. Rxe5 Rc4 $17) 45... Kd8 46. Kxe4) 43... Rxb7 $11 44. Rxb7+ $16 {[%emt 0:00:12] KR-KR} Kf6 45. Rb6+ Kg7 $2 (45... Ke7 $11 {and Black is okay.}) 46. Kxe4 $18 Rc2 47. Re6 $2 (47. h3 $18 Rc3 48. Re6 (48. Kxe5 Rxh3 49. Rb7+ Kf8 $16) (48. d6 Kf6 $16)) 47... Rxh2 $11 48. Rxe5 {[%emt 0:00:19] [#] Black must now prevent d6.} ({Don't take} 48. Kxe5 Kf7 $14) 48... Kf6 {[%emt 0:00:30] ( -> ...Re2+)} 49. Re6+ Kf7 50. Ke5 Re2+ 51. Kd6 Ra2 52. Re4 {[%emt 0:00:07] Strongly threatening Kc6.} Ra6+ (52... Rh2 $11) 53. Kc7 $18 {[%emt 0:00:15] d6 would kill now.} h5 54. gxh5 {[%emt 0:00:44] White threatens d6 and mate.} Kf6 55. d6 Kf5 56. Re8 {[%emt 0:00:20] Weighted Error Value: White=0.24 (precise) /Black=0.43} 1-0

[Event "Marmaris Karya-18 GM-May 2022"]
[Site "Icmeler-Marmaris"]
[Date "2022.05.12"]
[Round "5.3"]
[White "Odeev, Handszar"]
[Black "Angun, Batu"]
[Result "1-0"]
[ECO "A90"]
[WhiteElo "2305"]
[BlackElo "2326"]
[Annotator "TA"]
[PlyCount "111"]
[EventDate "2022.05.11"]
[EventCountry "TUR"]
[SourceTitle "playchess.com"]
[Source "ChessBase"]
[SourceQuality "1"]
[TimeControl "5400+30"]

1. d4 f5 2. Nf3 Nf6 3. g3 e6 4. Bg2 d5 5. O-O Bd6 6. c4 c6 7. b3 Qe7 8. a4 Nbd7 9. Ba3 Bxa3 10. Nxa3 O-O 11. Nc2 Ne4 12. Nce1 {[%emt 0:03:30] A90: Dutch Defence: Miscellaneous and Modern Stonewall (with ...Bd6).} Ndf6 13. Nd3 Bd7 ({Black should try} 13... c5 $14) 14. Nfe5 {[%emt 0:09:30] White is better.} Be8 {[%emt 0:00:30] [#]} 15. c5 $146 ({Predecessor:} 15. f3 Nd6 16. Qd2 Nf7 17. e3 Nxe5 18. dxe5 Nd7 19. Rfc1 Rf7 20. c5 g5 21. b4 {1-0 (40) Garcia Palermo,C (2465)-Cecconi,G (2206) Arvier 2008}) 15... Bh5 16. Qc2 {[%emt 0:07:30] Against Nc3} Nd7 17. Nxd7 Qxd7 18. b4 g5 19. Rab1 a6 20. Ne5 Qe8 21. b5 axb5 22. axb5 cxb5 23. f3 Nf6 24. Qd2 h6 25. Qb4 {[%emt 0:06:00] 0x0.00209b80dcd1dp-1022s more active pieces.} (25. h4 $16 gxh4 26. g4 (26. Qxh6 hxg3 27. Rb3 Ra4 $16) (26. gxh4 Kh7 $11) 26... fxg4 27. Qxh6) 25... Nd7 $14 26. Nxd7 (26. Qxb5 Nxe5 27. dxe5 Qc6 $11) 26... Qxd7 27. Qxb5 Rf7 28. Qxd7 Rxd7 29. Rb6 Kf7 30. Rfb1 (30. e4 $16) 30... Ra7 31. e3 Ke7 32. Kf2 Be8 $1 33. Bf1 Rc7 34. R1b2 Bc6 35. Bb5 Bxb5 ({Better is} 35... Kf6 $11) 36. R6xb5 $11 {[%emt 0:00:00][%mdl 4096] Endgame KRR-KRR} Kd7 37. Rb6 Ke7 38. g4 {[%emt 0:01:30] Black must now prevent gxf5.} fxg4 39. fxg4 Kf7 40. e4 dxe4 41. Ke3 e5 (41... Ke7 $142) 42. d5 $16 {[%emt 0:03:30] [#] Hoping for R2b5.} (42. Rxh6 $6 exd4+ 43. Kxe4 (43. Kxd4 Ra4+ 44. Kd5 Rd7+ 45. Ke5 Kg7 $14) 43... Rxc5 $14) (42. dxe5 $6 Rxc5 43. Rf2+ (43. Rxh6 Rxe5 44. Rh7+ Kg6 $11) (43. Kxe4 Ra4+ 44. Kd3 Rd5+ 45. Kc3 Rc5+ 46. Kd3 Rd5+ 47. Kc3 Rc5+ 48. Kd3 $11) (43. Rxb7+ Rxb7 44. Rxb7+ Ke6 $11) 43... Ke7 $14) 42... Rxc5 43. Rxb7+ (43. Rf2+ $16 Ke8 44. Re6+ (44. Kxe4 Ra4+ 45. Kxe5 Rc7 $14) (44. Rxh6 Rxd5 45. Kxe4 Rb5 $11) 44... Kd8 45. Kxe4) 43... Rxb7 $11 44. Rxb7+ $18 {[%emt 0:00:12] KR-KR} Kf6 45. Rb6+ Kg7 $2 (45... Ke7 $14) 46. Kxe4 Rc2 47. Re6 $2 (47. h3 $18 Rc3 48. Re6 (48. Kxe5 Rxh3 49. Rb7+ Kf8 $16) (48. d6 Kf6 $16)) 47... Rxh2 $11 48. Rxe5 {[%emt 0:00:19] Strongly threatening d6.} ({Don't do} 48. Kxe5 Kf7 $11) 48... Kf6 {[%emt 0:00:30] ( -> ...Re2+)} 49. Re6+ Kf7 50. Ke5 Re2+ 51. Kd6 Ra2 52. Re4 {[%emt 0:00:07] aiming for Kd7.} Ra6+ $2 {[%emt 0:00:00][%mdl 8192] [#]} (52... Rf2 $11) 53. Kc7 h5 54. gxh5 {[%emt 0:00:44] Intending d6 and mate.} Kf6 55. d6 Kf5 56. Re8 {Weighted Error Value: White=0.33/Black=0.58} 1-0

[Event "Marmaris Karya-18 GM-May 2022"]
[Site "Icmeler-Marmaris"]
[Date "2022.05.12"]
[Round "5.4"]
[White "Darban, Morteza"]
[Black "Ozdemir, Serhan Berat"]
[Result "1/2-1/2"]
[ECO "C41"]
[WhiteElo "2279"]
[BlackElo "2117"]
[Annotator "TA"]
[PlyCount "104"]
[EventDate "2022.05.11"]
[EventCountry "TUR"]
[SourceTitle "playchess.com"]
[Source "ChessBase"]
[SourceQuality "1"]
[TimeControl "5400+30"]

1. e4 e5 2. Nf3 d6 3. Bc4 Qf6 4. Nc3 c6 5. d4 h6 6. h3 {[%emt 0:01:30] C41: Philidor Defence.} Ne7 7. Be3 {[%emt 0:12:30] [#]} b5 $146 {[%emt 0:06:30] [#]} (7... Ng6 $16) ({Predecessor:} 7... Ng6 8. Qd2 b5 9. Bb3 a5 10. a3 Bd7 11. Ne2 a4 12. Ba2 Be7 13. Ng3 Bf8 {1-0 (36) Fancy,S (1950)-Guterres,L (1779) Batumi 2018}) 8. Bb3 (8. Bxb5 $1 $18 {[%cal Od1d3][%mdl 512] Black must now prevent Qd3!} Nd7 (8... Ng6 9. Ba4) 9. Be2) 8... Nd7 $16 9. a3 a6 10. Qd2 Ng6 11. Ne2 (11. O-O-O $142) 11... Be7 (11... c5 $142) 12. c3 (12. O-O $16) 12... Bb7 (12... c5 $14) 13. O-O Rd8 (13... c5 $142) 14. Rae1 (14. a4 $1 $16) 14... Nb6 ({Better is} 14... c5 $1 $14) 15. Ng3 $1 $18 Nf4 {[%emt 0:00:06][%cal Of4h3] Prevents Nh5.} 16. Bxf4 (16. Nf5 Ne6 17. Nh2 c5) 16... Qxf4 17. Qxf4 (17. Qd1 $1 $18 {has better winning chances.} g6 18. Nf5 gxf5 19. g3) 17... exf4 $16 18. Nh5 g5 19. e5 $36 {[%emt 0:03:30][%cal Be4e5,Be5e6][%mdl 2080] And now exd6 would win. Keeping Black busy.} d5 20. e6 $1 f6 (20... O-O $2 21. exf7+ Rxf7 22. Re6 $18) 21. Nh2 Nc8 ({Black should try} 21... Ra8) 22. g3 {[%emt 0:01:30] White is more active.} Nd6 23. Bc2 {[%emt 0:00:00] Inhibits Ne4. Bg6+ is the strong threat.} Nc4 (23... Rc8 $16 {was necessary.} 24. gxf4 Kd8) 24. Re2 (24. gxf4 $6 Rc8 $16) 24... Rd6 (24... Ra8 {keeps fighting.} 25. gxf4 Kd8) 25. Bf5 Kd8 26. Kg2 c5 27. Ng4 (27. dxc5 d4+ 28. Kg1 Rd5 $11) 27... cxd4 28. cxd4 Rb6 29. Bg6 (29. Ngxf6 Rf8 30. gxf4 gxf4 $17) (29. Nhxf6 h5 30. Ne5 Bxf6 $15) 29... f5 (29... b4 $16) 30. Bxf5 $18 Bc8 (30... Bc6 {is a better defense.} 31. gxf4 b4) 31. gxf4 gxf4 32. Nxf4 Rf8 33. Nxh6 Rf6 34. Ng6 $2 (34. Nf7+ $1 $18 {is the precise move to win.} Ke8 35. Nh5 $1 (35. Nxd5 Rxf5 36. Nxb6 Nxb6 $16) 35... Rxf5 36. Ng7+ Kf8 37. Nxf5 Rxe6 38. Rxe6 (38. Nxe7 Rxe2 39. Nxc8 Kxf7 $14) 38... Bxe6 39. Nxe7 Bxf7 40. Nc6) 34... Bxe6 $16 35. Nxe7 Rxh6 36. Rxe6 Rbxe6 37. Bxe6 ({Worse is} 37. Nxd5 Rd6 38. Ne3 Rxd4 $15) 37... Rxe6 38. Nxd5 {[%emt 0:00:27][%mdl 4096] Endgame KRN-KRN} Rg6+ (38... Nxb2 $16 39. Ne3 Re4) 39. Kh2 $18 Nxb2 {[%emt 0:00:12] [#]} 40. Ne3 $1 Kd7 41. f4 Nc4 {[%emt 0:00:42] [#]} (41... Rd6 $16 42. d5 Na4) 42. Nxc4 $1 bxc4 {[%emt 0:00:03] KR-KR} 43. f5 $2 (43. Rc1 $18) 43... Rd6 $1 $14 44. f6 (44. Kg3 $16) 44... Ke8 $11 45. Rd1 Kf7 46. Kg3 Kxf6 47. Kf4 Rb6 (47... Ke7 $1 $14) 48. Ke4 ({White should play} 48. Rc1 $16) 48... Rb3 {[%emt 0:00:11][%csl LRa3,LRh3] The position is equal.} 49. d5 Rxh3 50. d6 Rd3 $1 51. Rxd3 cxd3 52. Kxd3 {[%emt 0:00:21] Threatening mate with Kc4.} Ke6 {White really could win this.  Weighted Error Value: White=0.45/Black=0.34} 1/2-1/2